 Dungeon Crawl Stone Soup version 0.27-a0-1046-g98bf31544f (webtiles) character file.

Game seed: 8038815039775844274

49 sizableburger the Grave Robber (level 3, -3/26 HPs)
             Began as a Mummy Necromancer on Apr 20, 2021.
             Slain by Terence
             ... wielding a +4 vorpal hand axe
              (5 damage)
             ... on level 2 of the Dungeon.
             The game lasted 00:06:58 (1661 turns).

sizableburger the Grave Robber (Mummy Necromancer)  Turns: 1661, Time: 00:06:59

Health: -3/26      AC:  7    Str: 17    XL:     3   Next: 51%
Magic:  5/7        EV: 11    Int: 15    God:
Gold:   109        SH:  0    Dex: 12    Spells: 7/8 levels left

rFire    x . .     SeeInvis .   b - +0 dagger
rCold    + . .     Faith    .   (no shield)
rNeg     + + +     Spirit   .   e - +2 ring mail
rPois    ∞         Reflect  .   (no helmet)
rElec    .         Harm     .   (no cloak)
rCorr    .         Rampage  .   (no gloves)
Will     .....                  (no boots)
Stlth    +.........             (no amulet)
HPRegen  0.08/turn              d - +6 ring of strength
MPRegen  0.10/turn              (no ring)

@: no status effects
A: cold resistance 1, negative energy resistance 3, torment resistance 2,
unbreathing 1, heat vulnerability 1, no potions
a: no special abilities


You were on level 2 of the Dungeon.
You visited 1 branch of the dungeon, and saw 3 of its levels.

You collected 109 gold pieces.

Inventory:

Hand Weapons
 b - a +0 dagger (weapon)
Armour
 a - a +0 robe
 e - a +2 ring mail (worn)
Jewellery
 d - a +6 ring of strength (left hand)


   Skills:
 + Level 1.5 Fighting
 + Level 0.7 Short Blades
 - Level 1.5 Dodging
 - Level 1.5 Stealth
 - Level 3.3 Spellcasting
 + Level 4.4 Necromancy


You had 7 spell levels left.
You knew the following spells:

 Your Spells              Type           Power      Damage    Failure   Level
a - Pain                  Necr           60%        1d7       6%          1

Your spell library contained the following spells:

 Spells                   Type           Power      Damage    Failure   Level
 Animate Skeleton         Necr           30%        N/A       6%          1
 Vampiric Draining        Necr           7%         2d7       17%         3
 Animate Dead             Necr           7%         N/A       50%         4
 Agony                    Necr           15%        N/A       85%         5


Dungeon Overview and Level Annotations

Branches:
Dungeon (3/15)

Altars:
Elyvilon
Gozag

Annotations:
D:2 Sigmund, Terence


Innate Abilities, Weirdness & Mutations

You are immune to poison.
Your flesh is cold resistant. (rC+)
You are immune to negative energy. (rN+++)
You are immune to unholy pain and torment.
You can survive without breathing.
You are vulnerable to heat. (rF-)
You do not drink.


Message History

Terence hits you with a +4 vorpal hand axe.
* * * LOW HITPOINT WARNING * * *
x2 Terence barely misses you.
Your magical contamination has completely faded away.
You aren't carrying any scrolls.
Casting: Pain (safe; 6% risk of failure)
Confirm with . or Enter, or press ? or * to list all spells.
You don't know that spell.
Casting: Pain (safe; 6% risk of failure)
Confirm with . or Enter, or press ? or * to list all spells.
Aiming: Pain (safe; 6% risk of failure)
Press: ? - help, Shift-Dir - straight line, f/p - Terence
Aim: Terence, wielding a +4 vorpal hand axe and wearing a +0 scale mail (severely wounded, chance to affect: 80%) Terence barely resists.
Unknown command.
Terence asks, "Do you want it fast or slow?"
Terence screams, "I'm going to kill you!"
Terence bares his teeth.
Terence says, "Don't bother to defend, it's senseless."
Terence looks scornfully at you.
Terence shouts, "ATTACK!!!"
Terence hits you but does no damage. Terence screams, "I want your blood!"
Casting: Pain (safe; 6% risk of failure)
Confirm with . or Enter, or press ? or * to list all spells.
Aiming: Pain (safe; 6% risk of failure)
Press: ? - help, Shift-Dir - straight line, f/p - Terence
Aim: Terence, wielding a +4 vorpal hand axe and wearing a +0 scale mail (severely wounded, chance to affect: 80%) Terence writhes in agony.
Unknown command.
Casting: Pain (safe; 6% risk of failure)
Confirm with . or Enter, or press ? or * to list all spells.
Aiming: Pain (safe; 6% risk of failure)
Press: ? - help, Shift-Dir - straight line, f/p - Terence
Aim: Terence, wielding a +4 vorpal hand axe and wearing a +0 scale mail (almost dead, chance to affect: 80%) Terence barely resists.
Terence hits you with a +4 vorpal hand axe!
* * * LOW HITPOINT WARNING * * *
x2 Terence hits you with a +4 vorpal hand axe.
You die...

#.# #.......##### #.#
#............
####.####.......#..##
#...................##
#......######.#......
#......##.......###.#
#......##.#.#.......#
#......##.#.#.#.##..#
#..........@@.#....>#
#.......#.#.#..).#..#
#.......#.#.#.#.###.#
####.#..#...#.#.# #.#
#.#.....##.#.# #.#
........##.#.. ...
##.##.##.##.... ..# .
####.########## # .#


You could see Terence.

Vanquished Creatures
  An adder (D:3)
  4 dart slugs
  6 ball pythons
  2 bats (D:1)
  4 endoplasms (D:1)
  2 giant cockroaches
  A goblin (D:3)
  2 kobolds
  3 quokkas (D:1)
  2 frilled lizards (D:1)
  3 rats (D:1)
30 creatures vanquished.

Vanquished Creatures (others)
  3 fungi (D:2)
  4 plants (D:2)
7 creatures vanquished.

Grand Total: 37 creatures vanquished

Notes
Turn   | Place    | Note
-------+----------+-------------------------------------------
     0 | D:1      | sizableburger the Mummy Necromancer began the quest for the
                  | Orb.
     0 | D:1      | Reached XP level 1. HP: 13/13 MP: 4/4
   212 | D:1      | Reached XP level 2. HP: 20/20 MP: 3/6
   311 | D:1      | Reached skill level 1 in Fighting
   702 | D:1      | Reached XP level 3. HP: 26/26 MP: 2/7
  1199 | D:2      | Noticed Sigmund
  1331 | D:3      | Found an opulent altar of Gozag.
  1443 | D:3      | Noticed a necrophage
  1557 | D:2      | Noticed Terence
  1661 | D:2      | Slain by Terence

Illustrated notes

Levels and vault maps discovered:
D:1:      giann_bridges, layout_basic
D:2:      minmay_door_path, layout_basic,
          shapermc_ecumenical_altar_mp_urbaneastern, uniq_sigmund, uniq_terence
D:3:      layout_basic, gammafunk_temple_overflow_arena, lemuel_tele_altar,
          lemuel_round_altar, grunt_gozag_statues,
          nicolae_qazlal_style_of_elements, minmay_quadrilaterals

Skill      XL: |  1  2 |
---------------+-------+-----
Spellcasting   | 3 |  3.3
Fighting       | 1 |  1.5
Short Blades   | |  0.7
Dodging        | |  1.5
Stealth        | |  1.5
Necromancy     | |  4.4

Action                   || total
-------------------------++-------
Melee: Dagger            ||    22
 Cast: Pain              ||    69
  Use: Scroll            ||     3
Armor: Ring mail         ||    10
Dodge: Dodged            ||    21

Table legend: (Time is in decaauts)
 A = Elapsed time spent in this place.
 B = Non-inter-level travel time spent in this place.
 C = Inter-level travel time spent in this place.
 D = Time resting spent in this place.
 E = Time spent auto-exploring this place.
 F = Levels seen in this place.
 G = Mean time per level.
                   A        B        C        D        E       F      G
               +--------+--------+--------+--------+--------+-----+--------+
         Total |   1659 |   1626 |     33 |    496 |    805 |   3 |  553.0 |
       Dungeon |   1659 |   1626 |     33 |    496 |    805 |   3 |  553.0 |
               +--------+--------+--------+--------+--------+-----+--------+

Top non-repeatable levels by time:
     D:1: 1060 daAuts
     D:2: 351 daAuts
     D:3: 247 daAuts
